 Dungeon Crawl Stone Soup version 0.30-a0-1103-g25895a7845 (webtiles) character file.

Game seed: 11600275038125595943

2818 jasper the Grappler (level 9, -5/89 HPs)
             Began as a Troll Delver on Apr 18, 2023.
             Slain by Grum
             ... wielding a -2 spear
              (13 damage)
             ... on level 8 of the Dungeon.
             The game lasted 00:05:29 (2389 turns).

jasper the Grappler (Troll Delver)                  Turns: 2389, Time: 00:05:29

Health: -5/89      AC:  9    Str: 26    XL:     9   Next: 44%
Magic:  8/8        EV: 11    Int:  6    God:
Gold:   57         SH:  5    Dex: 11    Spells: 8/8 levels left

rFire   . . .      SeeInvis .      - Unarmed
rCold   + . .      Faith    .    (no shield)
rNeg    + . .      Spirit   .    i - +0 acid dragon scales
rPois   .          Reflect  +    m - +1 hat
rElec   .          Rampage  .    (no cloak)
rCorr   +                        (gloves unavailable)
Will    .....                    (boots unavailable)
Stlth   ++                       k - amulet of reflection
HPRegen 1.14/turn                n - ring of protection from cold
MPRegen 0.11/turn                y - ring of positive energy

@: no status effects
A: large, unfitting armour, claws 3, regeneration 1, shaggy fur 1, tough skin 1
a: no special abilities


You were on level 8 of the Dungeon.
You visited 1 branch of the dungeon, and saw 4 of its levels.

You collected 255 gold pieces.
You spent 198 gold pieces at shops.

Inventory:

Missiles
 t - 2 poisoned darts (quivered)
Armour
 a - a +0 robe
 i - +0 acid dragon scales (worn)
 m - a +1 hat (worn)
 q - a +0 robe of positive energy
Jewellery
 e - a +6 ring of strength
 k - an amulet of reflection (around neck)
 n - a ring of protection from cold (left claw)
 r - a ring of see invisible
 y - a ring of positive energy (right claw)
Wands
 d - a wand of polymorph (3)
 f - a wand of digging (2)
Scrolls
 b - a scroll of fog
 c - a scroll of magic mapping
 o - 2 scrolls of teleportation
 p - 3 scrolls of butterflies
 u - a scroll of fear
 A - a scroll of torment
Potions
 g - 2 potions of mutation
 h - a potion of ambrosia
 j - 5 potions of curing
 l - a potion of heal wounds {unknown}
 s - a potion of resistance {unknown}
 v - 3 potions of degeneration {unknown}
 w - a potion of invisibility {unknown}
 x - a potion of cancellation
 z - a potion of flight


   Skills:
 + Level 5.7 Fighting
 + Level 2.9 Armour
 + Level 5.4 Dodging
 - Level 2.7 Stealth
 * Level 9.1 Unarmed Combat


You had 8 spell levels left.
You didn't know any spells.
Your spell library was empty.

Dungeon Overview and Level Annotations

Branches:
Dungeon (8/15)               Lair (0/5) D:8
 Temple: D:4-7

Altars:
Dithmenos
Sif Muna

Shops:
D:5 [   D:7 !::(

Annotations:
D:8 Gastronok, Grum


Innate Abilities, Weirdness & Mutations

You are too large for most types of armour.
You have claws for hands.
Your natural rate of healing is unusually fast.
You are covered in fur. (AC +1)
You have tough skin. (AC +1)


Message History

You take 8 damage, and have 44/89 hp.
You miss the wolf.
The wolf is heavily wounded.
You block the wolf's attack. The wolf barely misses you.
You closely miss the wolf.
The wolf is heavily wounded.
You block the wolf's attack. The wolf bites you.
Grum hits you from afar with a -2 spear.
You block the wolf's attack.
You take 9 damage, and have 36/89 hp.
You scratch the wolf.
The wolf is heavily wounded.
The wolf bites you.
Grum hits you from afar with a -2 spear!
* * * LOW HITPOINT WARNING * * *
The wolf bites you but does no damage. The wolf bites you.
* * * LOW HITPOINT WARNING * * *
You take 15 damage, and have 21/89 hp.
You scratch the wolf.
The wolf is heavily wounded.
The wolf barely misses you. The wolf misses you. Grum barely misses you.
You feel better. The wolf completely misses you.
The wolf bites you but does no damage. The wolf bites you!
* * * LOW HITPOINT WARNING * * *
The wolf bites you but does no damage. You block Grum's attack.
You regained 4 hp, and now have 26/89 hp.
You closely miss the wolf.
The wolf is heavily wounded.
The wolf bites you.
* * * LOW HITPOINT WARNING * * *
The wolf bites you but does no damage. Grum misses you.
You take 2 damage, and have 24/89 hp.
You claw the wolf!
You kill the wolf!
The wolf bites you!
* * * LOW HITPOINT WARNING * * *
The wolf bites you!
* * * LOW HITPOINT WARNING * * *
Grum hits you from afar with a -2 spear!
You die...

*,,,* ***,8,*,#........*
*,,****,*,*,*,#....)<..#
***,,***,,*,*,8,#........#
,,,,∩,,,,**,*,*,#.....^..#
,,,,,,***,***+*##.......## ***
,,,,,,* *,,,,,*#.........# **,,
,,,,,,***,**,,*#..g...>..# *,,,
,***,,,**,**,,*#.h.......## *,,,
** *,*,*,,**#..#@.........# **,,*
* *,*,,,** *#............#**,,**
****,,,,,****#..#.........##.,**
*,,,,,,,,,,............##....,*
,,~~~~~~~,,.......#.......#..**
,~~~~~~~,...~.......#...$...#*
~~~~~~~~~..........##...#.###
~~~~~~~~~~~~..$>.#.##..##,#
~~~~~~~~~~~........#...#*,*######


You could see Grum and a wolf.

Vanquished Creatures
  A two-headed ogre (D:8)
  Maggie (D:7)
  2 steam dragons (D:8)
  An ice beast (D:7)
  An orc warrior (D:7)
  2 black bears
  3 wolves (D:8)
  2 phantoms
  2 bullfrogs
  A gnoll sergeant (D:6)
  3 scorpions
  3 wights (D:6)
  2 jellies
  3 orc priests
  6 hounds
  A sleepcap (D:7)
  3 iguanas
  An orc wizard (D:7)
  8 gnolls
  2 adders (D:5)
  A shadow imp (D:7)
  2 white imps (D:7)
  A dart slug (D:5)
  10 orcs
62 creatures vanquished.

Notes
Turn   | Place    | Note
-------+----------+-------------------------------------------
     0 | D:5      | jasper the Troll Delver began the quest for the Orb.
     0 | D:5      | Reached XP level 1. HP: 22/22 MP: 0/0
    17 | D:5      | Noticed an iguana
    23 | D:5      | Noticed a hound
    32 | D:5      | Killed a hound
    33 | D:5      | Reached XP level 2. HP: 18/29 MP: 1/1
    45 | D:5      | Reached skill level 3 in Unarmed Combat
    45 | D:5      | Reached XP level 3. HP: 36/36 MP: 2/2
    67 | D:5      | Reached XP level 4. HP: 32/44 MP: 3/3
   174 | D:5      | Found Kyuleba's Antique Armour Shop.
   354 | D:5      | Reached skill level 4 in Unarmed Combat
   354 | D:5      | Reached XP level 5. HP: 38/53 MP: 4/4
   374 | D:5      | Noticed a phantom
   393 | D:5      | Killed a phantom
   426 | D:5      | Reached XP level 6. HP: 57/61 MP: 5/5
   472 | D:5      | Bought an embroidered robe for 88 gold pieces
   572 | D:5      | Reached skill level 5 in Unarmed Combat
   928 | D:6      | Reached XP level 7. HP: 53/68 MP: 6/6
  1235 | D:6      | Reached skill level 6 in Unarmed Combat
  1428 | D:7      | Noticed Maggie
  1474 | D:7      | Killed Maggie
  1475 | D:7      | Reached skill level 7 in Unarmed Combat
  1475 | D:7      | Reached XP level 8. HP: 79/79 MP: 7/7
  1518 | D:7      | Found a shadowy altar of Dithmenos.
  1531 | D:7      | Found Ulinab's Book Boutique.
  1541 | D:7      | Found Nykid's Antique Weapon Shop.
  1554 | D:7      | Found Xotan's Weapon Emporium.
  1614 | D:7      | Found a shimmering blue altar of Sif Muna.
  1640 | D:7      | Found Jyraobya's Distillery.
  1664 | D:7      | Reached skill level 1 in Armour
  1699 | D:7      | Bought a potion of cancellation for 80 gold pieces
  1699 | D:7      | Bought a potion of flight for 30 gold pieces
  1729 | D:7      | Found Nenulat's Book Shoppe.
  1804 | D:7      | Reached skill level 5 in Fighting
  2222 | D:8      | Noticed Gastronok
  2227 | D:8      | Noticed a two-headed ogre
  2243 | D:8      | Killed a two-headed ogre
  2244 | D:8      | Reached skill level 5 in Dodging
  2244 | D:8      | Reached skill level 8 in Unarmed Combat
  2244 | D:8      | Reached XP level 9. HP: 46/88 MP: 8/8
  2351 | D:8      | Reached skill level 9 in Unarmed Combat
  2374 | D:8      | Noticed Grum
  2389 | D:8      | Slain by Grum

Illustrated notes

Levels and vault maps discovered:
D:5:      layout_rooms, serial_shops, shop, chequers_serial_rivers_micro_e,
          nicolae_sextant
D:6:      layout_layer_cave, kennysheep_okawaru_gauntlet, serial_shops,
          shop_fountains
D:7:      layout_rooms, grunt_dithmenos_smoke,
          mainiacjoe_overflow_six_doors_small, serial_shops, shop, shop, shop,
          shop, nicolae_shop_bloodbath_and_beyond, minmay_misc_feat_iff,
          minmay_bent, uniq_maggie
D:8:      layout_rooms, erik_lair_island, serial_shops, shop, enter_bailey_8,
          uniq_gastronok, uniq_grum

Skill      XL: |  1  2  3  4  5  6  7  8  9 |
---------------+----------------------------+-----
Dodging        | 2 3 4 5 |  5.4
Unarmed Combat | 3 4 5 7 8 9 |  9.1
Fighting       | 3 4 5 |  5.7
Armour         | 2 |  2.9
Stealth        | |  2.7

Action                     |  1- 3 |  4- 6 |  7- 9 || total
---------------------------+-------+-------+-------++-------
  Melee: Unarmed           |    20 |    65 |   158 ||   243
         Punch             |       |     5 |     4 ||     9
  Throw: Dart              |       |       |     5 ||     5
  Evoke: Wand              |       |       |     2 ||     2
    Use: Scroll            |       |     6 |     6 ||    12
         Potion            |       |       |     4 ||     4
   Stab: Sleeping          |       |     2 |       ||     2
 Armour: Robe              |     2 |     9 |    13 ||    24
         Skin              |       |       |     5 ||     5
         Acid dragon scale |       |       |    35 ||    35
  Dodge: Dodged            |     7 |    27 |    72 ||   106
  Block: Other             |       |     8 |    28 ||    36
         Reflection        |       |       |     1 ||     1

Table legend: (Time is in decaauts)
 A = Elapsed time spent in this place.
 B = Non-inter-level travel time spent in this place.
 C = Inter-level travel time spent in this place.
 D = Time resting spent in this place.
 E = Time spent auto-exploring this place.
 F = Levels seen in this place.
 G = Mean time per level.
                   A        B        C        D        E       F      G
               +--------+--------+--------+--------+--------+-----+--------+
         Total |   2339 |   2234 |    105 |    345 |   1223 |   4 |  584.8 |
       Dungeon |   2339 |   2234 |    105 |    345 |   1223 |   4 |  584.8 |
               +--------+--------+--------+--------+--------+-----+--------+

Top non-repeatable levels by time:
     D:5: 807 daAuts
     D:7: 783 daAuts
     D:6: 607 daAuts
     D:8: 141 daAuts
